 Dungeon Crawl Stone Soup version 0.19.5 (webtiles) character file.

499 Reinor the Jinx (level 6, 0/41 HPs)
             Began as a Vampire Enchanter on Mar 24, 2017.
             Slain by an orc priest
             ... wielding a +0 hand axe
              (1 damage)
             ... on level 4 of the Dungeon.
             The game lasted 00:10:09 (3228 turns).

Reinor the Jinx (Vampire Enchanter)                 Turns: 3228, Time: 00:10:10

Health: 0/41       AC:  4    Str:  7    XL:     6   Next: 94%
Magic:  1/9        EV: 13    Int: 19    God:
Gold:   186        SH:  0    Dex: 17    Spells: 4 memorised, 0 levels left

rFire  . . .     SeeInvis +     a - +2 dagger
rCold  . . .     Gourm    .     b - +1 robe
rNeg   + . .     Faith    .     (no shield)
rPois  .         Spirit   .     j - +0 helmet
rElec  .         Reflect  .     (no cloak)
rCorr  .         Harm     .     (no gloves)
MR     .....                    (no boots)
Stlth  ++++......               (no amulet)
                                (no ring)
                                g - +2 ring of dexterity

@: no status effects
A: fangs 3, see invisible, unbreathing
a: Bat Form


You were on level 4 of the Dungeon.
You were not thirsty.

You visited 1 branch of the dungeon, and saw 4 of its levels.

You collected 186 gold pieces.

Inventory:

Hand Weapons
 a - a +2 dagger (weapon)
Missiles
 e - 155 stones (quivered)
Armour
 b - a +1 robe (worn)
 j - a +0 helmet (worn)
Jewellery
 g - a +2 ring of dexterity (left hand)
Scrolls
 f - 2 scrolls of enchant weapon
 h - a scroll of remove curse
 i - a scroll of identify
 k - a scroll of blinking {unknown}
 l - 2 scrolls of immolation {unknown}
Potions
 d - 22 potions of blood
Books
 c - a book of Maledictions

   Spells                             Type                      Level
   a - Corona                         Hexes                        1
   b - Ensorcelled Hibernation        Hexes/Ice                    2
   c - Confuse                        Hexes                        3
   d - Tukima's Dance                 Hexes                        3
   e - Dazzling Spray                 Conjuration/Hexes            3


   Skills:
 - Level 3.2 Short Blades
 - Level 2.1 Dodging
 + Level 7.6 Stealth
 - Level 2.0 Spellcasting
 - Level 8.9 Hexes


You couldn't memorise any spells.
You knew the following spells:

 Your Spells              Type           Power        Failure   Level  Hunger
a - Corona                Hex            #####..      1%          1    #......
b - Ensorcelled Hibernat  Hex/Ice        ###...       6%          2    ###....
c - Confuse               Hex            #####...     1%          3    ###....
d - Tukima's Dance        Hex            #####...     1%          3    ###....


Dungeon Overview and Level Annotations

Branches:
Dungeon (4/15)
 Temple: D:4-7

Altars:
Makhleb
Sif Muna


Innate Abilities, Weirdness & Mutations

You have razor-sharp teeth.
You have supernaturally acute eyesight. (SInv)
You can survive without breathing.


Message History

The orc priest is moderately wounded.
The orc priest closely misses you.
You barely miss the orc priest.
The orc priest is moderately wounded.
The orc priest hits you with a hand axe.
* * * LOW HITPOINT WARNING * * *
You hit the orc priest but do no damage.
The orc priest is moderately wounded.
The orc priest hits you with a hand axe.
* * * LOW HITPOINT WARNING * * *
Your magical contamination has completely faded away.
You hit the orc priest.
The orc priest is moderately wounded.
You barely miss the orc priest.
The orc priest is moderately wounded.
The orc priest hits you but does no damage.
You hit the orc priest.
The orc priest is heavily wounded.
The orc priest hits you with a hand axe.
You die...

#.#......[........#
#.#...............#
##.#)..............#
#..................#
#...................
#...#######.........
#...########........
#..o).........#
#..@###.......#
#...# #.........
#...# #.....o.##
#...# #.......#
##### #########


You could see an orc priest.

Vanquished Creatures
  A water moccasin (D:3)
  2 hounds (D:3)
  An orc wizard (D:4)
  2 orc priests (D:4)
  2 iguanas (D:4)
  A worker ant (D:4)
  The ghost of noob5400 the Grasshopper, a weakling SpWr (D:4)
  Robin (D:3)
  8 adders
  2 oozes (D:3)
  A worm (D:2)
  A dart slug (D:3)
  7 bats
  4 giant cockroaches
  15 goblins
  8 hobgoblins
  5 kobolds
  A quokka (D:3)
  A ball python (D:3)
  5 frilled lizards
  5 rats
74 creatures vanquished.

Notes
Turn   | Place    | Note
-------+----------+-------------------------------------------
     0 | D:1      | Reinor the Vampire Enchanter began the quest for the Orb.
     0 | D:1      | Reached XP level 1. HP: 13/13 MP: 3/3
   313 | D:1      | Reached XP level 2. HP: 10/19 MP: 5/5
   325 | D:1      | Learned a level 2 spell: Ensorcelled Hibernation
  1086 | D:2      | Reached XP level 3. HP: 21/24 MP: 6/6
  1202 | D:2      | Reached skill level 5 in Hexes
  1520 | D:2      | Reached XP level 4. HP: 30/30 MP: 7/7
  1605 | D:2      | Reached skill level 6 in Hexes
  1670 | D:3      | Found a deep blue altar of Sif Muna.
  1915 | D:3      | Found a burning altar of Makhleb.
  1971 | D:3      | Reached skill level 7 in Hexes
  1980 | D:3      | Learned a level 3 spell: Confuse
  2106 | D:3      | Reached XP level 5. HP: 35/35 MP: 8/8
  2154 | D:3      | Noticed Robin
  2239 | D:3      | Killed Robin
  2772 | D:3      | Noticed a water moccasin
  2798 | D:3      | Killed a water moccasin
  2798 | D:3      | Reached skill level 8 in Hexes
  2798 | D:3      | Reached XP level 6. HP: 37/41 MP: 2/9
  2821 | D:3      | Reached skill level 5 in Stealth
  2915 | D:4      | Noticed noob5400's ghost (weakling SpWr)
  2941 | D:4      | Killed noob5400's ghost
  2946 | D:4      | Learned a level 3 spell: Tukima's Dance
  3224 | D:4      | HP: 1/41 [orc priest/hand axe (3)]
  3228 | D:4      | Slain by an orc priest

Skill      XL: |  1  2  3  4  5  6 |
---------------+-------------------+-----
Short Blades   | 2 3 |  3.2
Hexes          | 5 7 8 |  8.9
Stealth        | 7 |  7.6
Dodging        | |  2.1
Spellcasting   | |  2.0

Action                   |  1- 3 |  4- 6 || total
-------------------------+-------+-------++-------
Melee: Dagger            |   100 |   164 ||   264
       Bite              |     4 |    12 ||    16
Throw: Stone             |     1 |       ||     1
 Cast: Ensorcelled Hiber |       |    23 ||    23
       Confuse           |       |     3 ||     3
       Corona            |       |     2 ||     2
  Use: Scroll            |       |     7 ||     7
       Potion            |       |    12 ||    12
 Stab: Sleeping          |    12 |    17 ||    29
       Distracted        |       |     1 ||     1
       Confused          |       |     1 ||     1
Armor: Robe              |    16 |    23 ||    39
       Skin              |       |    22 ||    22
Dodge: Dodged            |    68 |    84 ||   152
